 Dungeon Crawl Stone Soup version 0.18-a0-1105-ge9caa06 (console) character file.

95912 FIQ the Protected (level 16, 0/146 (147) HPs)
             Began as a Hill Orc Monk on Jan 16, 2016.
             Was the Champion of Beogh.
             Slain by a spectral swamp dragon (4 damage)
             ... on level 4 of the Swamp.
             The game lasted 02:17:17 (29023 turns).

FIQ the Protected (Hill Orc Monk)                  Turns: 29023, Time: 02:17:24

HP:   0/146 (147)   AC: 21    Str: 20    XL:     16   Next: 15%
MP:   16/16         EV: 22    Int: 13    God:    Beogh [******]
Gold: 1095          SH:  9    Dex: 28    Spells: 1 memorised, 9 levels left

rFire  . . .     SeeInvis +     f - +4 short sword of the Asp {pain, Dex+2}
rCold  . . .     Gourm    .     l - +1 scale mail of Immorality {*Contam Regen+ Slay+5}
rNeg   . . .     Faith    .     E - +0 buckler (curse)
rPois  .         Spirit   .     F - +1 helmet {Int+3}
rElec  +         Dismiss  +     H - +1 cloak "Hoang" {rElec Dex+2}
rCorr  .         Reflect  .     B - +2 pair of gloves
SustAt .         Harm     .     m - -3 pair of boots of Demutt {Str+4 Dex+4}
MR     +....                    D - amulet of dismissal
Stlth  +.........               K - ring of see invisible
                                W - +2 ring of dexterity

@: lethally poisoned (0 -> -7), very slightly contaminated, slowed, invisible,
very slow, somewhat resistant to hostile enchantments, very unstealthy
A: walk on water
a: Smiting, Recall Orcish Followers, Give Item to Named Follower, Renounce
Religion


You were on level 4 of the Swamp.
You worshipped Beogh.
Beogh was exalted by your worship.
You were not hungry.

You visited 5 branches of the dungeon, and saw 30 of its levels.

You collected 2935 gold pieces.
You spent 1840 gold pieces at shops.

Inventory:

Hand Weapons
 f - the +4 short sword of the Asp (weapon) {pain, Dex+2}
   (You found it on level 4 of the Dungeon)

   In the hands of one skilled in necromantic magic, it inflicts extra damage on
   living creatures.
   It affects your dexterity (+2).
 h - a +5 quick blade
 i - the +1 scimitar of Extermination {venom, rN+ Int+4 Dex-2}
   (You bought it in a shop on level 2 of the Orcish Mines)

   It poisons the flesh of those it strikes.
   It affects your intelligence (+4).
   It affects your dexterity (-2).
   It protects you from negative energy.
Armour
 l - the +1 scale mail of Immorality (worn) {*Contam Regen+ Slay+5}
   (You found it on level 4 of the Dungeon)

   It affects your accuracy and damage with ranged weapons and melee attacks
   (+5).
   It causes magical contamination when unequipped.
   It increases your rate of regeneration.
 m - the -3 pair of boots of Demutt (worn) {Str+4 Dex+4}
   (You found it on level 5 of the Dungeon)

   It affects your strength (+4).
   It affects your dexterity (+4).
 B - a +2 pair of gloves (worn)
 E - a cursed +0 buckler (worn)
 F - a +1 helmet of intelligence (worn)
 H - the +1 cloak "Hoang" (worn) {rElec Dex+2}
   (You acquired it on level 10 of the Dungeon)

   It affects your dexterity (+2).
   It insulates you from electricity.
Jewellery
 D - an amulet of dismissal (around neck)
 K - a ring of see invisible (right hand)
 W - a +2 ring of dexterity (left hand)
Wands
 r - a wand of lightning (7/15)
 A - a wand of polymorph (2/24)
 P - a wand of confusion (21/48)
 Q - a wand of lightning (5/15)
 V - a wand of polymorph (13/24)
 Y - a wand of confusion (33/48)
Scrolls
 a - 5 scrolls of teleportation
 d - a scroll of immolation
 e - 13 scrolls of remove curse
 g - 5 scrolls of magic mapping
 j - 2 scrolls of enchant weapon
 k - 9 scrolls of noise
 x - 4 scrolls of amnesia
 y - 3 scrolls of blinking
 I - 14 scrolls of identify
 L - 2 scrolls of recharging
 N - 4 scrolls of enchant armour
 X - a scroll of summoning
Potions
 c - 3 potions of resistance
 o - 2 potions of magic
 p - 2 potions of might
 s - 3 potions of lignification
 u - 7 potions of brilliance
 v - a potion of curing
 w - a potion of berserk rage
 z - 3 potions of agility
 C - 3 potions of flight
 O - a potion of haste
Books
 M - a book of Unlife

   Spells                             Type                      Level
   a - Recall                         Summoning/Translocation      3
   b - Animate Dead                   Necromancy                   4
   c - Control Undead                 Necromancy                   4
   d - Cigotuvi's Embrace             Necromancy                   5
   e - Death Channel                  Necromancy                   6
   f - Simulacrum                     Ice/Necromancy               6
Comestibles
 b - 19 bread rations
 n - 11 meat rations
 q - a royal jelly
 t - 7 slices of pizza
 G - 26 fruits


   Skills:
 + Level 14.5 Fighting
 - Level 12.1 Short Blades
 + Level 14.9 Armour
 * Level 11.2 Dodging
 - Level 1.5 Stealth
 + Level 9.7 Shields
 - Level 4.3 Unarmed Combat
 + Level 9.2 Necromancy


You had 9 spell levels left.
You knew the following spells:

 Your Spells              Type           Power        Failure   Level  Hunger
a - Simulacrum            Ice/Necr       ##........   100%        6    #######


Dungeon Overview and Level Annotations

Branches:
Dungeon (15/15)            Temple (0/1) D:7            Lair (8/8) D:9
  Swamp (4/4) Lair:4        Snake (1/4) Lair:3        Slime (0/6) Lair:7
    Orc (2/2) D:11            Elf (0/3) Orc:2        Vaults (0/5) D:14
 Depths (0/5) D:15

Altars:
Cheibriados
Dithmenos
Elyvilon
Fedhas
Gozag
Makhleb
Okawaru
Qazlal
Ru
Trog
Vehumet
Xom
Yredelemnul
Zin
Beogh

Shops:
D:6 }   D:15 [   Orc:2 }[(!}


Message History

You can't drink that!
Drink which item? (? for menu, Esc to quit)
You fade into invisibility!
The death drake breathes miasma at you. The foul vapour misses you.
You block the phantom's attack.
The phantasmal warrior blinks!
The death drake bites you.
* * * LOW HITPOINT WARNING * * *
The translocation field surrounding you vibrates and the death drake disappears!
The phantom misses you.
You are very lightly contaminated with residual magic.
Drink which item? (? for menu, Esc to quit)
Okay, then.
Drink which item? (? for menu, Esc to quit)
You feel better.
You are engulfed in dark miasma.
You are poisoned.
You feel your flesh rotting away!
You feel as though you will be slow longer.
* * * LOW HITPOINT WARNING * * *
x2 You feel very sick.
The phantasmal warrior blinks!
The phantom misses you. The spectral swamp dragon bites you.
You die...

§Z## ##≈≈♣ ≈ZZ### #≈≈≈♣
#..ZZ#######≈≈≈♣ ♣≈
##)Z.)Z)≈##≈≈≈.♣ ♣≈
###)).))#≈≈≈≈.♣ ≈≈ ♣
##≈§)).≈≈≈..♣ ≈≈≈ ♣
###)[).≈≈..♣♣ ♣...≈§≈≈≈
###..)§Z..♣
♣♣≈...≈≈≈..♣♣♣♣
####§≈Z§♣
♣.≈≈≈≈..<...≈§.
♣≈≈ZW♣♣♣.≈≈≈≈≈..≈≈.≈≈≈ ♣
##≈§Z@♣♣.≈≈≈≈≈.≈.≈≈≈≈≈
♣..♣.♣§W♣♣≈≈≈.♣≈§≈♣♣♣§..
♣≈.W§§♣.≈≈.♣≈♣ ♣♣≈<..
♣♣.≈.†...≈..♣ ♣♣≈≈≈≈.
♣.≈≈....≈.♣♣ ♣.≈≈§≈.
♣♣...≈...♣♣♣♣♣♣≈≈≈.♣.
...≈≈≈.≈♣...≈≈≈.≈..≈♣.
♣≈...%..♣......≈≈..≈...
♣≈.≈?≈.≈≈..≈≈.≈≈≈.≈≈≈≈.≈
.≈...♣.♣≈.≈.≈.≈≈≈..≈≈≈..
≈.≈.♣♣♣♣♣♣..♣♣♣.≈≈≈≈≈.?.


You could see a phantasmal warrior, a spectral swamp dragon, 2 phantoms, an
alligator zombie, a six-headed hydra zombie and a four-headed hydra zombie.

Vanquished Creatures
  A thorn hunter (Swamp:2)
  An orc warlord (Orc:2)
  An ironheart preserver (D:14)
  2 dire elephants (Lair:8)
  Snorg (Lair:5)
  A vault guard (D:14)
  8 hydras
  A centaur warrior (D:13)
  2 catoblepae
  The ghost of runewalsh the Frost Mage, a journeyman OpIE of Sif Muna (Lair:1)
  An anaconda (Lair:8)
  Erica (Orc:1)
  3 alligators
  Nergalle (D:10)
  3 unseen horrors
  A spriggan druid (Swamp:4)
  A skeletal warrior (D:9)
  2 swamp dragons
  Pikel (D:7)
  A shambling mangrove (Swamp:1)
  8 hill giants
  2 necromancers (D:9)
  3 griffons
  3 orc sorcerers
  A cyclops (D:12)
  5 ugly things
  A centaur zombie (D:15)
  7 elephants
  3 black mambas
  Joseph (D:9)
  5 spiny frogs
  A torpor snail (Lair:7)
  5 komodo dragons
  4 fire drakes
  2 swamp worm zombies (Swamp:4)
  A harpy skeleton (D:15)
  5 trolls
  2 giant leeches
  A raiju (shapeshifter) (D:12)
  6 bog bodies
  6 slime creatures
  3 two-headed ogres
  16 blink frogs
  An alligator zombie (Swamp:4)
  Sigmund (D:3)
  2 flying skulls (D:9)
  A wyvern (D:15)
  A wraith (D:15)
  A wyvern (shapeshifter) (D:15)
  19 yaks
  6 spriggans
  4 shadows
  3 basilisks
  Grum (D:9)
  2 hungry ghosts
  2 hippogriffs
  3 vampire mosquitoes
  10 wolves
  3 insubstantial wisps (Swamp:4)
  3 wargs
  19 swamp worms
  A soldier ant (D:12)
  7 water moccasins
  10 porcupines
  5 swamp drakes
  4 orc warriors
  A phantom (D:5)
  3 sky beasts
  A black bear (D:12)
  4 ice beasts
  7 necrophages
  8 wasps
  3 ogres
  8 centaurs
  5 crocodiles
  10 big kobolds
  9 giant frogs
  A wyvern zombie (D:9)
  A water moccasin zombie (D:9)
  A wyvern skeleton (D:9)
  4 scorpions
  8 wights
  5 killer bees (D:10)
  An electric eel (Lair:3)
  5 crimson imps
  3 giant frog zombies
  A quasit (D:11)
  6 hounds
  2 jellies
  9 orc priests
  Crazy Yiuf (D:3)
  8 centaur skeletons
  Jessica (D:2)
  Ijyb (D:3)
  Natasha (thrice) (D:3)
  Terence (D:3)
  5 iguanas
  11 orc wizards
  8 worker ants
  15 sheep
  A hound skeleton (D:5)
  4 hound zombies
  2 worker ant zombies
  22 adders
  17 river rats
  2 shadow imps
  4 oozes
  An adder skeleton (D:9)
  4 adder zombies
  3 worms
  2 giant geckos
  24 orcs
  3 ball pythons
  11 giant cockroaches
  18 goblins
  4 hobgoblins
  20 jackals
  31 kobolds
  7 quokkas
  8 bats
  2 giant gecko skeletons
  4 giant newts
  2 quokka skeletons
  2 quokka zombies
  5 rats
  3 briar patches (Swamp:2)
  2 plants (Lair:8)
602 creatures vanquished.

Vanquished Creatures (collateral kills)
  3 thorn hunters
  The ghost of Arkorax the Warrior, an adept HOGl of Zin (Swamp:2)
  An orc warlord (Swamp:3)
  The ghost of ldierk the Fencer, an adept DsFi of Gozag (Swamp:1)
  An emperor scorpion (D:15)
  Maud (Orc:2)
  2 dire elephants
  The ghost of Duffy the Severer, a journeyman HOFi of Cheibriados (Lair:1)
  Sonja (Orc:2)
  7 hydras
  A ghost crab (Swamp:3)
  3 alligators
  A death yak (Lair:7)
  An orc high priest (Orc:2)
  2 shambling mangroves
  A swamp dragon (Swamp:2)
  A hill giant (D:14)
  A deep elf mage (D:14)
  4 orc knights
  A cyclops (D:13)
  2 hornets
  4 ugly things
  3 slime creatures
  A salamander (D:15)
  2 manticores
  A centaur zombie (D:13)
  4 elephants
  9 spiny frogs
  A komodo dragon (Lair:2)
  A troll (Orc:2)
  A freezing wraith (D:14)
  2 giant leeches
  A boulder beetle (Lair:6)
  5 bog bodies
  2 alligator zombies (Swamp:4)
  7 blink frogs
  A shadow (Swamp:2)
  16 yaks
  A basilisk (Lair:8)
  A hippogriff (Lair:8)
  A steam dragon (D:9)
  4 vampire mosquitoes
  5 wolves
  2 insubstantial wisps (Swamp:4)
  6 swamp worms
  2 wargs
  3 water moccasins
  3 porcupines
  2 swamp drakes (Swamp:3)
  2 necrophages (Lair:4)
  2 orc warriors
  3 wasps
  An ogre (D:15)
  2 crocodiles
  2 giant frogs
  A wyvern skeleton (D:13)
  2 wights (D:8)
  A killer bee (D:10)
  A crimson imp (D:13)
  2 hounds
  7 orc priests
  An iguana (Lair:1)
  2 orc wizards
  2 sheep
  A worker ant zombie (D:11)
  8 river rats
  3 oozes (Lair:7)
  13 orcs
  2 bats (D:9)
  2 goblins (D:3)
  3 jackals
  3 kobolds
  A rat (D:9)
  5 briar patches
  14 fungi
  13 plants
227 creatures vanquished.

Vanquished Creatures (others)
  An orc sorcerer (Swamp:3)
  5 orc knights
  27 orc warriors
  14 orc wizards
  An insubstantial wisp (Swamp:4)
  8 orc priests
  An adder (D:4)
  A giant gecko (D:4)
  68 orcs
  A briar patch (Swamp:2)
  16 fungi
  7 plants
150 creatures vanquished.

Grand Total: 979 creatures vanquished

Notes
Turn   | Place    | Note
--------------------------------------------------------------
     0 | D:1      | FIQ the Hill Orc Monk began the quest for the Orb.
     0 | D:1      | Reached XP level 1. HP: 19/19 MP: 1/1
    53 | D:2      | Reached skill level 1 in Armour
    53 | D:2      | Reached XP level 2. HP: 16/26 MP: 2/2
   384 | D:4      | Got a twisted short sword
   385 | D:4      | Identified the +4 short sword of the Asp {pain, Dex+2} (You found it on level 4 of the Dungeon)
   424 | D:4      | Reached XP level 3. HP: 25/31 MP: 3/3
   525 | D:4      | Found a shimmering altar of Xom.
   604 | D:4      | Reached XP level 4. HP: 37/39 MP: 4/4
   841 | D:4      | Found a glowing silver altar of Zin.
   929 | D:4      | Got a steaming scale mail
   940 | D:4      | Identified the +1 scale mail of Immorality {*Contam Regen+ Slay+5} (You found it on level 4 of the Dungeon)
  1260 | D:4      | Reached XP level 5. HP: 42/45 MP: 5/5
  1452 | D:5      | Entered Level 5 of the Dungeon
  1531 | D:5      | Noticed an ice beast
  1539 | D:5      | Killed an ice beast
  1539 | D:5      | Reached skill level 5 in Armour
  1573 | D:5      | Noticed a centaur
  1587 | D:5      | Killed a centaur
  1587 | D:5      | Reached skill level 6 in Armour
  1587 | D:5      | Reached XP level 6. HP: 39/51 MP: 6/6
  1643 | D:5      | Noticed a phantom
  1646 | D:5      | Got a pair of polished boots
  1656 | D:5      | Killed a phantom
  1656 | D:5      | Reached skill level 7 in Armour
  1662 | D:5      | Identified the cursed -3 pair of boots of Demutt {Str+4 Dex+4} (You found it on level 5 of the Dungeon)
  1666 | D:5      | Found a stormy altar of Qazlal.
  1687 | D:5      | Found a bloodstained altar of Trog.
  1687 | D:5      | Found an iron altar of Okawaru.
  1692 | D:5      | Found a shadowy altar of Dithmenos.
  1700 | D:5      | Found a sacrificial altar of Ru.
  1701 | D:5      | Found a snail-covered altar of Cheibriados.
  1702 | D:5      | Found a white marble altar of Elyvilon.
  1732 | D:5      | Reached XP level 7. HP: 50/57 MP: 7/7
  1814 | D:5      | Reached skill level 1 in Short Blades
  2035 | D:5      | Found a basalt altar of Yredelemnul.
  2233 | D:6      | Reached skill level 8 in Armour
  2349 | D:6      | Found Bene's Gadget Shoppe.
  2737 | D:7      | Noticed a two-headed ogre
  2749 | D:7      | Killed a two-headed ogre
  2749 | D:7      | Reached skill level 5 in Fighting
  2749 | D:7      | Reached XP level 8. HP: 66/68 MP: 8/8
  2900 | D:7      | Found a staircase to the Ecumenical Temple.
  2913 | D:7      | Reached skill level 5 in Short Blades
  2988 | D:7      | Became a worshipper of Beogh the Brigand
  2988 | D:7      | Reached * piety under Beogh
  2988 | D:7      | Reached ** piety under Beogh
  3592 | D:1      | You fall through a shaft!
  3948 | D:2      | Noticed Jessica
  3951 | D:2      | Killed Jessica
  4450 | D:3      | Noticed Terence
  4462 | D:3      | Killed Terence
  4717 | D:3      | Found a burning altar of Makhleb.
  4834 | D:3      | Noticed Natasha
  4839 | D:3      | Killed Natasha
  4839 | D:3      | Reached skill level 9 in Armour
  4891 | D:3      | Noticed Sigmund
  4947 | D:3      | Killed Sigmund
  4947 | D:3      | Reached XP level 9. HP: 64/78 MP: 9/9
  4965 | D:3      | Reached *** piety under Beogh
  5172 | D:3      | Noticed Crazy Yiuf
  5180 | D:3      | Killed Crazy Yiuf
  5275 | D:3      | Noticed Natasha
  5280 | D:3      | Killed Natasha
  5306 | D:3      | Noticed Ijyb
  5317 | D:3      | Killed Ijyb
  5512 | D:3      | Noticed Natasha
  5517 | D:3      | Killed Natasha
  5923 | D:7      | Noticed Pikel
  5935 | D:7      | Killed Pikel
  6182 | D:8      | Reached **** piety under Beogh
  6283 | D:8      | Found a blossoming altar of Fedhas.
  6573 | D:8      | Reached skill level 10 in Armour
  6675 | D:8      | Found an opulent altar of Gozag.
  6698 | D:8      | Reached XP level 10. HP: 88/88 MP: 10/10
  7097 | D:9      | Noticed Grum
  7100 | D:9      | Found a staircase to the Lair.
  7112 | D:9      | Killed Grum
  7285 | Lair:1   | Entered Level 1 of the Lair of Beasts
  7300 | Lair:1   | Noticed Duffy's ghost (journeyman HOFi)
  7479 | Lair:1   | Got a transparent robe
  7480 | Lair:1   | Identified the +1 robe "Juiger" {+Blink} (You found it on level 1 of the Lair of Beasts)
  7505 | Lair:1   | HP: 4/90 [blink frog (14)]
  8031 | D:9      | Noticed a necromancer
  8043 | D:9      | Killed a necromancer
  8043 | D:9      | Reached skill level 10 in Short Blades
  8141 | D:9      | Noticed a four-headed hydra
  8225 | D:9      | Noticed a necromancer
  8226 | D:9      | Noticed a skeletal warrior
  8271 | D:9      | Killed a skeletal warrior
  8271 | D:9      | Reached skill level 11 in Armour
  8271 | D:9      | Reached XP level 11. HP: 24/99 MP: 11/11
  8279 | D:9      | Killed a necromancer
  8503 | D:9      | Reached skill level 10 in Fighting
  8508 | D:9      | Reached ***** piety under Beogh
  8641 | D:9      | Noticed Joseph
  8661 | D:9      | Killed Joseph
  8861 | D:9      | Killed a four-headed hydra
  9001 | D:9      | Found a radiant altar of Vehumet.
  9132 | D:10     | Entered Level 10 of the Dungeon
  9147 | D:10     | Learned a level 6 spell: Simulacrum
  9271 | D:10     | Noticed a hill giant
  9275 | D:10     | Noticed a hill giant
  9283 | D:10     | Killed a hill giant
  9289 | D:10     | Killed a hill giant
  9289 | D:10     | Reached skill level 1 in Necromancy
  9485 | D:10     | Noticed Nergalle
  9505 | D:10     | Killed Nergalle
  9576 | D:10     | Gained Bogwik as an ally
  9777 | D:10     | Identified a scroll of acquirement
  9778 | D:10     | Got a fine cloak
  9790 | D:10     | Identified the +1 cloak "Hoang" {rElec Dex+2} (You acquired it on level 10 of the Dungeon)
  9864 | D:10     | Reached skill level 12 in Armour
  9952 | D:10     | Noticed a hill giant
  9961 | D:10     | Killed a hill giant
  9961 | D:10     | Reached XP level 12. HP: 75/110 MP: 12/12
 10774 | D:11     | Found a staircase to the Orcish Mines.
 11135 | D:12     | Reached skill level 1 in Shields
 12427 | D:13     | Reached ****** piety under Beogh
 12459 | D:13     | Gained Herok as an ally
 12570 | D:13     | Noticed a centaur warrior
 12580 | D:13     | Killed a centaur warrior
 13021 | D:14     | Reached skill level 5 in Dodging
 13492 | D:14     | Gained mutation: You are clumsy. (Dex -2) [mutagenic meat]
 13493 | D:14     | Gained mutation: Your mind is acute. (Int +2) [mutagenic meat]
 13580 | D:14     | Reached XP level 13. HP: 96/117 MP: 13/13
 13588 | D:14     | Gained mutation: You have large cloven feet. [mutagenic meat]
 13589 | D:14     | Gained mutation: You passively map a small area around you. [mutagenic meat]
 13590 | D:14     | Lost mutation: You are clumsy. (Dex -2) [mutagenic meat]
 13591 | D:14     | Gained mutation: Your body sometimes deteriorates upon taking damage. [mutagenic meat]
 13700 | D:14     | Found a basalt altar of Yredelemnul.
 13809 | D:14     | Noticed an ironheart preserver
 13822 | D:14     | Killed an ironheart preserver
 13882 | D:14     | Reached skill level 5 in Necromancy
 13958 | D:14     | Noticed a vault guard
 13977 | D:14     | Killed a vault guard
 14090 | D:14     | Found a gate to the Vaults.
 14185 | D:15     | Entered Level 15 of the Dungeon
 14264 | D:15     | Found a staircase to the Depths.
 14264 | D:15     | Noticed a dire elephant
 14266 | D:15     | Noticed an emperor scorpion
 14274 | D:15     | Your ally Bogwik died
 14281 | D:15     | Killed a dire elephant
 14295 | D:15     | Killed an emperor scorpion
 14295 | D:15     | Reached skill level 13 in Armour
 14785 | D:15     | Found Durob's Antique Armour Boutique.
 14788 | D:15     | Bought a spiked scale mail for 342 gold pieces
 14788 | D:15     | Identified the +9 scale mail of Valour {rPois} (You bought it in a shop on level 15 of the Dungeon)
 14970 | D:15     | Gained Bogbrand as an ally
 15284 | Lair:1   | Killed Duffy's ghost
 15517 | Lair:1   | Noticed runewalsh's ghost (journeyman OpIE)
 15530 | Lair:1   | Killed runewalsh's ghost
 15530 | Lair:1   | Reached skill level 5 in Shields
 16061 | Lair:2   | Gained Olfik as an ally
 16975 | Lair:3   | Lost mutation: You passively map a small area around you. [potion of cure mutation]
 16975 | Lair:3   | Lost mutation: Your mind is acute. (Int +2) [potion of cure mutation]
 16975 | Lair:3   | Lost mutation: Your body sometimes deteriorates upon taking damage. [potion of cure mutation]
 17104 | Lair:3   | Found a snail-covered altar of Cheibriados.
 17246 | Lair:3   | Found a staircase to the Snake Pit.
 17508 | Lair:3   | Gained Borgun as an ally
 17837 | Snake:1  | Entered Level 1 of the Snake Pit
 18638 | Lair:4   | Found a staircase to the Swamp.
 19113 | Lair:5   | Reached XP level 14. HP: 118/127 MP: 14/14
 19205 | Lair:5   | Noticed Snorg
 19217 | Lair:5   | Killed Snorg
 21018 | Lair:7   | Reached skill level 14 in Armour
 21032 | Lair:7   | Found a staircase to the Slime Pits.
 21831 | Lair:8   | Entered Level 8 of the Lair of Beasts
 22969 | Lair:8   | Noticed a dire elephant
 22969 | Lair:8   | Noticed a dire elephant
 22977 | Lair:8   | Killed a dire elephant
 22999 | Lair:8   | Gained mutation: Your body sometimes deteriorates upon taking damage. [potion of mutation]
 22999 | Lair:8   | Gained mutation: You are covered in fur (AC +1). [potion of mutation]
 22999 | Lair:8   | Gained mutation: Your natural rate of healing is unusually fast. [potion of mutation]
 23000 | Lair:8   | Gained mutation: You are robust (+10% HP). [potion of mutation]
 23000 | Lair:8   | Lost mutation: You are covered in fur (AC +1). [potion of mutation]
 23001 | Lair:8   | Gained mutation: Your movements are slightly less encumbered by armour (ER -2). [potion of beneficial mutation]
 23004 | Lair:8   | Noticed a dire elephant
 23014 | Lair:8   | Killed a dire elephant
 23093 | Lair:8   | Noticed a dire elephant
 23115 | Lair:8   | Killed a dire elephant
 23115 | Lair:8   | Reached XP level 15. HP: 90/150 MP: 15/15
 23346 | Orc:1    | Entered Level 1 of the Orcish Mines
 23561 | Orc:1    | Noticed Erica
 23569 | Orc:1    | Killed Erica
 23829 | Orc:2    | Entered Level 2 of the Orcish Mines
 23881 | Orc:2    | Noticed Sonja
 24119 | Orc:2    | Found Jobuis's Gadget Shoppe.
 24139 | Orc:2    | Noticed Maud
 24150 | Orc:2    | Killed Maud
 24159 | Orc:2    | Killed Sonja
 24167 | Orc:2    | Found a roughly hewn altar of Beogh.
 24209 | Orc:2    | Found a roughly hewn altar of Beogh.
 24210 | Orc:2    | Found Atijipn's Distillery.
 24219 | Orc:2    | Bought a potion of mutation for 35 gold pieces
 24219 | Orc:2    | Bought a potion of mutation for 35 gold pieces
 24219 | Orc:2    | Gained mutation: You are dopey. (Int -2) [potion of mutation]
 24219 | Orc:2    | Gained mutation: You are agile. (Dex +2) [potion of mutation]
 24219 | Orc:2    | Lost mutation: Your body sometimes deteriorates upon taking damage. [potion of mutation]
 24220 | Orc:2    | Lost mutation: You are dopey. (Int -2) [potion of mutation]
 24220 | Orc:2    | Gained mutation: Armour fits poorly on your strangely shaped body. [potion of mutation]
 24242 | Orc:2    | Found a roughly hewn altar of Beogh.
 24309 | Orc:2    | Found a staircase to the Elven Halls.
 24343 | Orc:2    | Found a roughly hewn altar of Beogh.
 24371 | Orc:2    | Found a roughly hewn altar of Beogh.
 24376 | Orc:2    | Found Nibef's Gadget Emporium.
 24435 | Orc:2    | Noticed an orc warlord
 24469 | Orc:2    | Killed an orc warlord
 24504 | Orc:2    | Found Rolit's Antique Armour Boutique.
 24504 | Orc:2    | Found a roughly hewn altar of Beogh.
 24516 | Orc:2    | Found Meshreen's Antique Weapon Shop.
 24525 | Orc:2    | Bought a glowing helmet for 130 gold pieces
 24542 | Orc:2    | Bought a faintly glowing scimitar for 234 gold pieces
 24542 | Orc:2    | Identified the +1 scimitar of Extermination {venom, rN+ Int+4 Dex-2} (You bought it in a shop on level 2 of the Orcish Mines)
 24632 | Orc:2    | Found a roughly hewn altar of Beogh.
 24798 | D:15     | Bought a slimy plate armour for 1064 gold pieces
 24798 | D:15     | Identified the cursed +1 plate armour of Pathos {Dex+7} (You bought it in a shop on level 15 of the Dungeon)
 25076 | Swamp:1  | Entered Level 1 of the Swamp
 25121 | Swamp:1  | Reached skill level 10 in Dodging
 25124 | Swamp:1  | Noticed ldierk's ghost (adept DsFi)
 25156 | Swamp:1  | Your ally Herok died
 25162 | Swamp:1  | HP: 1/150 [ldierk's ghost (16)]
 25162 | Swamp:1  | Beogh protects you from harm!
 25167 | Lair:4   | HP: 7/150 [poisoned by a spiny frog]
 25337 | Swamp:1  | Gained Olfik as an ally
 25339 | Swamp:1  | Killed ldierk's ghost
 25346 | Swamp:1  | Your ally Olfik died
 25514 | Swamp:1  | Your ally Olfik died
 26060 | Swamp:1  | Lost mutation: Your natural rate of healing is unusually fast. [potion of cure mutation]
 26060 | Swamp:1  | Lost mutation: You are robust (+10% HP). [potion of cure mutation]
 26060 | Swamp:1  | Lost mutation: You are agile. (Dex +2) [potion of cure mutation]
 26060 | Swamp:1  | Lost mutation: Armour fits poorly on your strangely shaped body. [potion of cure mutation]
 26060 | Swamp:1  | Lost mutation: You have large cloven feet. [potion of cure mutation]
 26086 | Swamp:1  | Gained mutation: You have a pair of small horns on your head. [potion of mutation]
 26086 | Swamp:1  | Gained mutation: Your magical capacity is low (-10% MP). [potion of mutation]
 26086 | Swamp:1  | Gained mutation: Armour fits poorly on your strangely shaped body. [potion of mutation]
 26232 | Swamp:2  | Noticed a thorn hunter
 26259 | Swamp:2  | Killed a thorn hunter
 26268 | Swamp:2  | Noticed Arkorax's ghost (adept HOGl)
 26283 | Swamp:2  | Killed Arkorax's ghost
 26283 | Swamp:2  | Gained Wargath as an ally
 26313 | Swamp:2  | Gained Bladwarg as an ally
 26328 | Swamp:2  | Noticed a thorn hunter
 26342 | Swamp:2  | Killed a thorn hunter
 26955 | Swamp:3  | Your ally Borgun died
 26955 | Swamp:3  | Your ally Bogbrand died
 26962 | Swamp:3  | Gained Gorm as an ally
 27392 | Swamp:3  | Paralysed by a wasp for 3 turns
 27539 | Swamp:3  | Lost mutation: You have a pair of small horns on your head. [potion of cure mutation]
 27539 | Swamp:3  | Lost mutation: Your magical capacity is low (-10% MP). [potion of cure mutation]
 27539 | Swamp:3  | Lost mutation: Armour fits poorly on your strangely shaped body. [potion of cure mutation]
 27539 | Swamp:3  | Lost mutation: Your movements are slightly less encumbered by armour (ER -2). [potion of cure mutation]
 27571 | Swamp:3  | Noticed a thorn hunter
 27596 | Swamp:3  | Killed a thorn hunter
 27717 | Swamp:3  | Identified Sorcery, Part One (You found it on level 3 of the Swamp)
 28277 | Swamp:3  | Your ally Bladwarg died
 28390 | Swamp:3  | Reached XP level 16. HP: 134/147 MP: 16/16
 28606 | Swamp:4  | Entered Level 4 of the Swamp
 28679 | Swamp:4  | Noticed a thorn hunter
 28683 | Swamp:4  | Your ally Gorm died
 28705 | Swamp:4  | Killed a thorn hunter
 28995 | Swamp:4  | Your ally Wargath died
 28997 | Swamp:4  | Beogh protects you from harm!
 28998 | Swamp:4  | HP: 1/147 [death drake] (9)]
 28998 | Swamp:4  | Beogh protects you from harm!
 29001 | Swamp:4  | Gained Morbeogh as an ally
 29002 | Swamp:4  | Your ally Morbeogh died
 29019 | Swamp:4  | HP: 6/147 [phantasmal warrior (6)]
 29023 | Swamp:4  | Slain by a spectral swamp dragon

Vault maps used:
D:1:      dpeg_arrival_pits, minmay_surrounded
D:2:      uniq_jessica
D:3:      kennysheep_goblin_castle, nicolae_overflow_crystal_walls,
          minmay_misc_feat_enclosed, nrook_loot_triangle,
          uniq_crazy_yiuf_cottage, uniq_sigmund, uniq_terence, uniq_natasha
D:4:      kennysheep_the_goblin_king, zin_academy, first_bread,
          xom_confusion_cloud
D:5:      kennysheep_mini_moat, minitemple
D:6:      serial_shops, nicolae_shop_temple_entry_statues_fountains,
          roderic_roman_lattice, kennysheep_big_empty_room
D:7:      minmay_temple_entry_trees, uniq_pikel
D:8:      nicolae_gozag_cash_rules_everything_around_me, special_room,
          hangedman_tree_tricks
D:9:      hangedman_screamer, overflow_temple_1_default,
          due_lair_maze_entry_diamond, minmay_librarian, uniq_joseph, uniq_grum
D:10:     uniq_nergalle
D:11:     orc_0_dummy
D:14:     david_vaults_5, lemuel_tele_altar
D:15:     hangedman_depths_entry_try_elsewhere_first, minivault_27,
          serial_shops, nicolae_shop_behind_doors, evilmike_surprise_oklob
Lair:2:   grunt_megastairs_4
Lair:3:   dummy_snake_entry, basic_altar, serial_bayou_shore_a,
          grunt_megastairs_2
Lair:4:   swamp_mist_pool, roderic_carrion_pond
Lair:5:   uniq_snorg
Lair:6:   serial_forest, infiniplex_forest_straight_2, infiniplex_forest_end_1,
          infiniplex_forest_end_1, infiniplex_forest_lined_room_,
          infiniplex_forest_lined_room_3, lemuel_old_faithful
Lair:7:   nicolae_slime_entry_slimehenge, lemuel_fruit_fields,
          infiniplex_staircase_pool_2
Lair:8:   due_jungle_book
Swamp:1:  serial_swamp_ruin, hangedman_swamp_ruin_hall,
          evilmike_swamp_ruin_house_3, evilmike_swamp_ruin_house_2
Swamp:2:  nicolae_swamp_fairy_circle
Swamp:3:  evilmike_swamp_ruin_rubble_1
Swamp:4:  swamp_pestilence, hangedman_swamp_blocks, grunt_witch_cave,
          infiniplex_staircase_pool
Snake:1:  uniq_roxanne, uniq_frances, uniq_aizul
Orc:1:    uniq_erica
Orc:2:    grunt_orc_community_town_hall, grunt_orc_community_big_house_2,
          grunt_orc_community_big_house_1, grunt_orc_community_house_1,
          grunt_orc_community_house_3, grunt_orc_community_house_2,
          grunt_orc_community_house_1, grunt_orc_community_house_2,
          serial_shops, shop_statue, nicolae_orc_rich_vein, uniq_sonja,
          uniq_maud

Action                   |  1- 3 |  4- 6 |  7- 9 | 10-12 | 13-15 | 16-18 || total
-------------------------+-------+-------+-------+-------+-------+-------++-------
Melee: Unarmed           |    16 |       |     9 |       |       |       ||    25
       Short sword       |    35 |    82 |   465 |   835 |  1403 |   200 ||  3020
Invok: Convert to Beogh  |       |       |     1 |       |       |       ||     1
       Smiting           |       |       |       |     4 |     6 |       ||    10
       Recall Orcish Fol |       |       |       |     1 |     3 |     1 ||     5
       Give Item to Name |       |       |       |       |     3 |       ||     3
       Stop Recall       |       |       |       |       |     1 |       ||     1
Evoke: Wand              |       |       |       |     2 |     3 |       ||     5
       Deck              |       |       |       |     6 |       |       ||     6
  Use: Potion            |       |     2 |     3 |     7 |    15 |     7 ||    34
       Scroll            |       |       |    14 |    12 |    11 |       ||    37
 Stab: Distracted        |       |       |       |     3 |    23 |       ||    26
       Sleeping          |       |       |       |     2 |     1 |       ||     3
       Confused          |       |       |       |       |     4 |     1 ||     5
       Paralysed         |       |       |       |       |     1 |       ||     1
  Eat: Chunk             |       |     3 |    15 |    25 |    40 |     1 ||    84
       Fruit             |       |       |       |     1 |    12 |       ||    13
       Beef jerky        |       |       |       |       |     5 |       ||     5
